 Dungeon Crawl Stone Soup version 0.31.0-12-g77e489cdc1 (webtiles) character file.

Game seed: 494271207819213571

1269 BubbleThief the Covert (level 8, -4/41 HPs)
             Began as a Vampire Enchanter on Feb 20, 2024.
             Slain by Duvessa
             ... wielding a +0 short sword
              (6 damage)
             ... on level 4 of the Dungeon.
             The game lasted 00:06:10 (3808 turns).

BubbleThief the Covert (Vampire Enchanter)          Turns: 3808, Time: 00:06:11

Health: -4/41      AC:  0    Str:  5 (7)  XL:     8   Next: 28%
Magic:  0/11       EV: 19    Int: 14 (17) God:
Gold:   154        SH:  0    Dex: 20 (22) Spells: 6/11 levels left

rFire   . . .        p - melded +4 short sword
rCold   + + .        (shield currently unavailable)
rNeg    + + +        b - melded +0 robe
rPois   ∞            (helmet currently unavailable)
rElec   .            l - melded +0 cloak
rCorr   .            (gloves currently unavailable)
SInv    +            (boots currently unavailable)
Will    .....        (no amulet)
Stlth   +++++++      j - melded ring of flight
HPRegen 0.00/turn    w - melded +6 ring of dexterity
MPRegen 0.12/turn

%: no passive effects
@: bat-form, flying, bloodless, inhibited regen, very quick
A: fast, flying, no casting, tiny, bloodless, fangs 3, see invisible, vampiric 2
a: Revivify, End Transformation


You were on level 4 of the Dungeon.
You were a vampire bat.
You visited 2 branches of the dungeon, and saw 5 of its levels.

You collected 154 gold pieces.

Inventory:

Hand Weapons
 p - a +4 short sword (melded)
 u - a +2 rapier of protection
Missiles
 k - 2 throwing nets (quivered)
Armour
 b - a +0 robe (melded)
 l - a +0 cloak (melded)
Jewellery
 j - a ring of flight (melded)
 w - a +6 ring of dexterity (melded)
Wands
 a - a wand of digging (3)
 t - a wand of polymorph (13)
Scrolls
 d - 6 scrolls of identify {unknown}
 e - a scroll of fear {unknown}
 h - a scroll of blinking {unknown}
 i - a scroll of amnesia {unknown}
 n - 3 scrolls of enchant weapon {unknown}
 o - 2 scrolls of teleportation {unknown}
 r - a scroll of silence {unknown}
 s - 2 scrolls of vulnerability {unknown}
 y - a scroll of noise {unknown}
Potions
 c - 4 potions of invisibility
 f - 3 potions of heal wounds {unknown}
 g - 2 potions of curing {unknown}
 m - a potion of enlightenment {unknown}
 q - a potion of degeneration {unknown}
 v - a potion of lignification {unknown}
 x - a potion of haste {unknown}


   Skills:
 + Level 6.3 Short Blades
 - Level 2.1 Dodging
 + Level 10.0 Stealth
 - Level 2.0 Spellcasting
 + Level 9.3 Hexes


You had 6 spell levels left.
You knew the following spells:

 Your Spells              Type           Power      Damage    Failure   Level
a - Ensorcelled Hibernat  Hex/Ice        28%        N/A       5%          2
b - Confusing Touch       Hex            27%        N/A       1%          3

Your spell library contained the following spells:

 Spells                   Type           Power      Damage    Failure   Level
 Tukima's Dance           Hex            27%        N/A       1%          3
 Dazzling Flash           Conj/Hex       28%        N/A       11%         3


Dungeon Overview and Level Annotations

Branches:
Dungeon (4/15)             Temple (1/1) D:4

Altars:
Ashenzari
Cheibriados
Gozag
Hepliaklqana
Kikubaaqudgha
Makhleb
Okawaru
Qazlal
Ru
Trog
Vehumet
Xom

Shops:
D:1 [

Annotations:
D:4 Dowan, Duvessa


Innate Abilities, Weirdness & Mutations

You are a vampire bat.
You are tiny and dextrous.
You move quickly.
You are flying.
You are immune to poison.
Your equipment is almost entirely melded.
You are incapable of wielding weapons or throwing items.
You cannot cast spells.
You do not regenerate when monsters are visible.
You are frail without blood (-20% HP).
You can heal yourself when you bite living creatures.
You are immune to poison.
You have razor-sharp teeth.
You have supernaturally acute eyesight. (SInv)
You are afflicted with vampirism and can become a bat while bloodless.


Message History

Dowan hits you with a +0 dagger.
Unknown command.
Unknown command.
Casting: Ensorcelled Hibernation (safe; 4% risk of failure)
Confirm with . or Enter, or press ? or * to list all spells.
Aiming: Ensorcelled Hibernation (safe; 4% risk of failure)
Press: ? - help, Shift-Dir - straight line, f/p - Duvessa
Aim: Duvessa, wielding a +0 short sword and wearing a +0 leather armour (chance to affect: 32%) Duvessa easily resists.
Duvessa closely misses you. Dowan hits you with a +0 dagger.
Unknown command.
Unknown command.
Duvessa attacks as she pursues you! Duvessa hits you with a +0 short sword.
Casting: Ensorcelled Hibernation (safe; 4% risk of failure)
Confirm with . or Enter, or press ? or * to list all spells.
Aiming: Ensorcelled Hibernation (safe; 4% risk of failure)
Press: ? - help, Shift-Dir - straight line, f/p - Duvessa
Aim: Duvessa, wielding a +0 short sword and wearing a +0 leather armour (chance to affect: 32%) Duvessa easily resists.
Duvessa hits you with a +0 short sword!
Unknown command.
Unknown command.
Duvessa attacks as she pursues you! Duvessa hits you with a +0 short sword!
* * * LOW HITPOINT WARNING * * *
There is an open door here.
Duvessa attacks as she pursues you! Duvessa hits you with a +0 short sword!
* * * LOW HITPOINT WARNING * * *
Dowan casts a spell.
Dowan blinks!
Your magical contamination has completely faded away.
Unknown command.
You turn into a vampire bat.
Your +4 short sword melds into your body.
Your +0 cloak melds into your body.
Your +0 robe melds into your body.
Your ring of flight melds into your body.
Your +6 ring of dexterity melds into your body.
You float gracefully downwards.
You feel clumsy.
You feel weakened.
You feel dopey.
You feel clumsy. Duvessa misses you. Duvessa attacks as she pursues you!
Duvessa hits you with a +0 short sword.
You die...

##...............
######...........#....
#..#.........##.##.#.#
#.............#.##.###
#....................
#................###.
######.....#........#.#.. ####
##..##....e.###.........#.
#..#####...##..#b#'##..........##
.....#...#..###..#.#.............
......<..#......##g##..##.......#
................#...#..###.....#.
...[.#.........##...##...........
....##.........#.....#...........
.............###....e###.#.......
...........### ...8... ####......
.........### ....#.... ##.....


You could see Duvessa.

Vanquished Creatures
  Pikel (D:4)
  Grinder (D:4)
  Eustachio (D:4)
  Edmund (D:4)
  A bombardier beetle (D:4)
  A hound (D:4)
  An orc priest (D:3)
  A jelly (D:4)
  2 sleepcaps (D:3)
  An orc wizard (D:3)
  3 gnolls (D:3)
  8 adders
  2 dart slugs
  2 ribbon worms
  3 orcs (D:3)
  6 endoplasms
  10 giant cockroaches
  4 goblins
  12 hobgoblins
  2 jackals (D:3)
  6 kobolds
  4 quokkas
  7 ball pythons
  5 bats
  7 frilled lizards
  9 rats
101 creatures vanquished.

Notes
Turn   | Place    | Note
-------+----------+-------------------------------------------
     0 | D:1      | BubbleThief the Vampire Enchanter began the quest for the
                  | Orb.
     0 | D:1      | Reached XP level 1. HP: 13/13 MP: 3/3
    58 | D:1      | Found Tas Hymu's Antique Armour Shop.
    80 | D:1      | Reached XP level 2. HP: 16/19 MP: 5/5
   196 | D:1      | Reached skill level 5 in Stealth
   199 | D:1      | Learned a level 2 spell: Ensorcelled Hibernation
   373 | D:1      | Reached skill level 5 in Hexes
   539 | D:1      | Gained mutation: You are afflicted with vampirism and can
                  | become a bat while bloodless. [Vampire growth]
   539 | D:1      | Reached XP level 3. HP: 24/24 MP: 6/6
  1049 | D:2      | Reached XP level 4. HP: 12/24 MP: 4/7
  1877 | D:3      | Identified the +0 ring mail "Kiulegat" {+Blink Dex-5
                  | Stlth+}
  1962 | D:3      | Reached skill level 6 in Stealth
  2044 | D:3      | Reached XP level 5. HP: 20/28 MP: 3/8
  2315 | D:3      | Learned a level 3 spell: Confusing Touch
  2446 | D:3      | Found a faded altar of an unknown god.
  2745 | D:3      | Reached skill level 7 in Stealth
  3085 | D:4      | Reached XP level 6. HP: 32/32 MP: 9/9
  3144 | D:4      | Noticed Eustachio
  3164 | D:4      | Killed Eustachio
  3189 | D:4      | Noticed Edmund
  3201 | D:4      | Killed Edmund
  3202 | D:4      | Reached skill level 8 in Stealth
  3202 | D:4      | Reached XP level 7. HP: 36/36 MP: 5/10
  3322 | D:4      | Reached skill level 5 in Short Blades
  3375 | D:4      | Noticed Grinder
  3488 | D:4      | Noticed Pikel
  3576 | D:4      | Killed Pikel
  3577 | D:4      | Reached skill level 9 in Stealth
  3577 | D:4      | Reached XP level 8. HP: 41/41 MP: 4/11
  3662 | D:4      | Killed Grinder
  3663 | D:4      | Reached skill level 10 in Stealth
  3714 | D:4      | Found a staircase to the Ecumenical Temple.
  3728 | Temple   | Entered the Ecumenical Temple
  3791 | D:4      | Noticed Duvessa
  3792 | D:4      | Noticed Dowan
  3806 | D:4      | HP: 2/41 [Duvessa/+0 short sword (9)]
  3808 | D:4      | Slain by Duvessa

Illustrated notes

Levels and vault maps discovered:
D:1:      minmay_arrival_three_doors, layout_rooms, serial_shops, shop,
          st_stairs_13, minmay_strange_pillars, chequers_serial_rivers_micro_c
D:2:      layout_basic, serial_forest, infiniplex_forest_lined_4_way,
          infiniplex_forest_lined_3_way, infiniplex_forest_clump_diagonal,
          infiniplex_forest_straight_3, infiniplex_forest_end_2,
          infiniplex_forest_end_2, infiniplex_forest_lined_room_2,
          minmay_randomly_rotated_circles
D:3:      layout_loops_corners, chequers_ecumenical_altar_simple_redux,
          grunt_ministairs_14, hellmonk_no_cap
D:4:      layout_cave_pools, minmay_overflow_temple_star_quad,
          minmay_temple_entry_overgrown, uniq_duvessa, uniq_pikel, uniq_grinder,
          uniq_eustachio, uniq_edmund
Temple:   eino_narrow_crystal_temple

Skill      XL: |  1  2  3  4  5  6  7  8 |
---------------+-------------------------+-----
Stealth        | 5 6 7 8 9 10 | 10.0
Short Blades   | 2 3 4 6 |  6.3
Hexes          | 5 6 7 9 |  9.3
Dodging        | |  2.1
Spellcasting   | |  2.0

Action                     |  1- 3 |  4- 6 |  7- 9 || total
---------------------------+-------+-------+-------++-------
  Melee: Dagger            |   120 |    15 |       ||   135
         Bite              |    13 |    10 |     1 ||    24
         Punch             |     3 |       |       ||     3
         Short sword       |       |    94 |    34 ||   128
   Cast: Ensorcelled Hiber |     1 |    16 |    10 ||    27
         Confusing Touch   |       |     1 |       ||     1
Ability: Exsanguinate      |     1 |       |       ||     1
         Bat Form          |       |       |     2 ||     2
         End Transformatio |       |       |     1 ||     1
   Stab: Sleeping          |    11 |    24 |     4 ||    39
         Distracted        |       |     1 |     1 ||     2
         Confused          |       |     1 |       ||     1
 Armour: Robe              |    57 |    36 |    22 ||   115
         Skin              |       |       |     2 ||     2
  Dodge: Dodged            |    66 |    39 |    23 ||   128
